[Event "ICC tourney 1922 (15 5)"]
[Site "Internet Chess Club"]
[Date "2020.07.17"]
[Round "6"]
[White "Chess-noob"]
[Black "Hansini"]
[Result "1-0"]
[ICCResult "Black checkmated"]
[WhiteElo "1400"]
[BlackElo "1269"]
[Opening "Scotch opening"]
[ECO "C44"]
[NIC "KP.10"]
[Time "17:09:35"]
[TimeControl "900+5"]

1. e4 e5 2. Nf3 Nc6 3. d4 Bd6 4. dxe5 Bxe5 5. Bc4 Nf6 6. Bg5 O-O 7. Nxe5
Nxe5 8. Bd3 d5 9. exd5 Qxd5 10. Bxf6 gxf6 11. O-O Bg4 12. Bxh7+ Kxh7 13.
Qxd5 Rfd8 14. Qe4+ Kg7 15. f4 Nc6 16. f5 Rd7 17. Qxg4+ Kf8 18. Nc3 Re8 19.
Rfe1 Ne5 20. Qb4+ Rde7 21. Nd5 Nd3 22. Rxe7 Nxb4 23. Rxe8+ Kxe8 24. Nxc7+
Kd7 25. Nb5 Nxc2 26. Rd1+ Ke7 27. Nxa7 b6 28. Nc6+ Ke8 29. Rd8#
{Black checkmated}
1-0

[Event "ICC tourney 1922 (15 5)"]
[Site "Internet Chess Club"]
[Date "2020.07.17"]
[Round "6"]
[White "Nedas15"]
[Black "DuckyBirdLover"]
[Result "1-0"]
[ICCResult "Black resigns"]
[WhiteElo "1219"]
[BlackElo "1409"]
[Opening "French: Two knights variation"]
[ECO "C00"]
[NIC "FR.01"]
[Time "17:09:40"]
[TimeControl "900+5"]

1. e4 e6 2. Nf3 d5 3. Nc3 dxe4 4. Nxe4 Nf6 5. Nxf6+ Qxf6 6. c3 Bc5 7. Qa4+
Bd7 8. Bb5 c6 9. Bd3 b5 10. Qc2 e5 11. O-O Bg4 12. Be4 Bxf3 13. Bxf3 O-O 14.
d4 exd4 15. cxd4 Bxd4 16. Be3 Bxe3 17. fxe3 Re8 18. Bxc6 Nxc6 19. Rxf6 Nd8
20. Rff1 Rxe3 21. Rfe1 Rxe1+ 22. Rxe1 Ne6 23. Qc6 Rf8 24. Qxb5 {Black
resigns} 1-0

[Event "ICC tourney 1922 (15 5)"]
[Site "Internet Chess Club"]
[Date "2020.07.17"]
[Round "6"]
[White "TanyaS"]
[Black "amaganti"]
[Result "0-1"]
[ICCResult "White checkmated"]
[WhiteElo "1152"]
[BlackElo "1203"]
[Opening "Petrov: Italian variation"]
[ECO "C42"]
[NIC "RG.01"]
[Time "17:09:40"]
[TimeControl "900+5"]

1. e4 e5 2. Nf3 Nf6 3. Bc4 Ng4 4. Qe2 Bc5 5. Qd3 Bxf2+ 6. Kf1 Qe7 7. Bb5 Qh4
8. g3 Qh3+ 9. Ke2 Qg2 10. Qd5 Qxh1 11. Ng5 Qe1+ 12. Kd3 Qxc1 13. Qxf7+ Kd8
14. Qxg7 Qe1 15. Nf7+ Ke8 16. Nxh8 Qf1+ 17. Kc3 Bd4+ 18. Kb4 Bc5+ 19. Kxc5
b6+ 20. Kb4 a5+ 21. Ka4 Qf3 22. Bc4 b5+ 23. Kxb5 Ba6+ 24. Kc5 Qf2+ 25. Kd5
c6+ 26. Kd6 Qd4+ 27. Kc7 Ra7+ 28. Kxb8 Rb7+ 29. Kc8 Rb8+ 30. Kxb8 Qb6+ 31.
Ka8 Qb7# {White checkmated} 0-1

[Event "ICC tourney 1922 (15 5)"]
[Site "Internet Chess Club"]
[Date "2020.07.17"]
[Round "6"]
[White "LoukyaNarne"]
[Black "bmnyc"]
[Result "0-1"]
[ICCResult "White checkmated"]
[WhiteElo "1336"]
[BlackElo "1443"]
[Opening "Giuoco Pianissimo: Italian four knights variation"]
[ECO "C46"]
[NIC "KP.06"]
[Time "17:09:40"]
[TimeControl "900+5"]

1. e4 e5 2. Nf3 Nc6 3. Nc3 Bc5 4. Bc4 Nf6 5. d3 Ng4 6. Be3 Nxe3 7. fxe3 Bxe3
8. Nd5 Bd4 9. Nxd4 Nxd4 10. c3 Nc6 11. Ne3 O-O 12. Qg4 d5 13. Qg3 dxc4 14.
Nxc4 Be6 15. O-O Bxc4 16. dxc4 Na5 17. b3 Nc6 18. Rad1 Qe7 19. Rf3 Rfd8 20.
Re1 Rd2 21. Ref1 Rxa2 22. Rxf7 Qxf7 23. Rxf7 Kxf7 24. b4 a5 25. b5 Ne7 26.
Qxe5 a4 27. Qxc7 b6 28. Qf4+ Kg8 29. c5 bxc5 30. b6 a3 31. b7 Rf8 32. b8=Q
Rxb8 33. Qxb8+ Kf7 34. Qf4+ Kg8 35. Qb8+ Kf7 36. Qf4+ Kg8 37. Qb8+ Kf7 38.
Qf4+ Kg8 39. Qb8+ Kf7 40. Qf4+ Kg6 41. Qg4+ Kf6 42. Qf4+ Ke6 43. Qg4+ Ke5
44. Qg5+ Kd6 45. Qf4+ Kd7 46. Qg4+ Ke8 47. Qh5+ g6 48. Qxh7 Rc2 49. Qh8+ Kf7
50. Qh7+ Ke8 51. Qh8+ Kd7 52. Qh3+ Kc7 53. Qg3+ Kb7 54. Qd3 a2 55. Qd7+ Kb6
56. Qd8+ Kc6 57. Qa8+ Kd7 58. Qb7+ Ke6 59. Qb6+ Ke5 60. Qxc5+ Kxe4 61. Qd4+
Kf5 62. Qd3+ Kg5 63. Qe3+ Kf5 64. Qd3+ Ke6 65. Qe3+ Kf6 66. Qd4+ Kf7 67.
Qf4+ Nf5 68. Qc7+ Kf6 69. Qc6+ Ke5 70. Qc5+ Ke4 71. Qc4+ Ke3 72. Qe6+ Kd2
73. Qd5+ Kxc3 74. Qc5+ Kd2 75. Qd5+ Kc1 76. Qxa2 Rxa2 77. h3 Ne3 78. Kh2
Rxg2+ 79. Kh1 Rg3 80. h4 Rh3+ 81. Kg1 Rxh4 82. Kf2 g5 83. Kg3 Ra4 84. Kf3
g4+ 85. Kg3 Nf1+ 86. Kh4 g3+ 87. Kh3 Rh4+ 88. Kg2 Rh2+ 89. Kg1 g2 90. Kf2
Ne3 91. Kg1 Nf1 92. Kf2 Ng3 93. Kg1 Nf1 94. Kf2 Ng3 95. Kg1 Ne2+ 96. Kxh2
g1=Q+ 97. Kh3 Qg3# {White checkmated} 0-1

[Event "ICC tourney 1922 (15 5)"]
[Site "Internet Chess Club"]
[Date "2020.07.17"]
[Round "6"]
[White "Armaan10"]
[Black "lahn"]
[Result "1-0"]
[ICCResult "Black checkmated"]
[WhiteElo "1302"]
[BlackElo "1184"]
[Opening "Petrov: Italian variation"]
[ECO "C24"]
[NIC "IG.04"]
[Time "17:09:40"]
[TimeControl "900+5"]

1. e4 e5 2. Bc4 Nf6 3. Nf3 Bc5 4. Ng5 h6 5. Nxf7 Qe7 6. Nxh8 Nxe4 7. Ng6 Qg5
8. Qf3 Qxg6 9. Qf7+ Qxf7 10. Bxf7+ Kxf7 11. d3 Bxf2+ 12. Ke2 Bd4 13. dxe4 d6
14. Re1 Bg4+ 15. Kd2 Bf2 16. Rf1 Ke7 17. Rxf2 Nc6 18. Kd3 d5 19. Nc3 dxe4+
20. Kxe4 Rd8 21. h3 Be6 22. g4 b5 23. g5 hxg5 24. Bxg5+ Ke8 25. Bxd8 Kxd8
26. Rd2+ Ke8 27. Nxb5 a6 28. Nxc7+ Ke7 29. Nd5+ Kd6 30. Nb6+ Kc7 31. Na8+
Kb7 32. Nb6 Kxb6 33. Rd3 Nb4 34. Rd6+ Nc6 35. Rxe6 g5 36. Rd1 Kc5 37. Rd5+
Kb6 38. Rdd6 Kc7 39. Rxc6+ Kd7 40. Rxa6 Kc7 41. Re7+ Kd8 42. Raa7 Kc8 43.
Re8# {Black checkmated} 1-0

[Event "ICC tourney 1922 (15 5)"]
[Site "Internet Chess Club"]
[Date "2020.07.17"]
[Round "6"]
[White "chenxuan2012"]
[Black "viratfan"]
[Result "1-0"]
[ICCResult "Black checkmated"]
[WhiteElo "1628"]
[BlackElo "1490"]
[Opening "Sicilian: Nimzovich-Rossolimo attack (without ...d6)"]
[ECO "B30"]
[NIC "SI.31"]
[Time "17:09:35"]
[TimeControl "900+5"]

1. e4 c5 2. Nf3 Nc6 3. Bb5 Nf6 4. d3 a6 5. Ba4 b5 6. Bb3 d6 7. c3 Bg4 8. h3
Bh5 9. O-O e5 10. Bg5 Be7 11. Nbd2 O-O 12. Bc2 h6 13. Be3 d5 14. exd5 Nxd5
15. Qe2 Nxe3 16. fxe3 Qd5 17. e4 Qe6 18. a3 Rfd8 19. Bb3 Qc8 20. Qf2 Rxd3
21. Ne1 Rd8 22. Bxf7+ Kh8 23. Bxh5 Rf8 24. Qe2 a5 25. Nc2 Rxf1+ 26. Rxf1 Rb8
27. Qg4 Qxg4 28. Bxg4 b4 29. cxb4 cxb4 30. axb4 axb4 31. b3 Na5 32. Ne3 Bg5
33. Kf2 Rf8+ 34. Bf3 Bh4+ 35. Ke2 Nc6 36. Ng4 Nd4+ 37. Ke3 Bg5+ 38. Kd3 Bxd2
39. Kxd2 Nxb3+ 40. Kc2 Nd4+ 41. Kb2 Nxf3 42. Rxf3 Re8 43. Kb3 Rb8 44. Nxe5
Kg8 45. Nc6 Rb6 46. Nxb4 g6 47. Kc4 Kg7 48. Nd5 Rc6+ 49. Kd4 Rd6 50. e5 Rd7
51. e6 Rd6 52. e7 Re6 53. Nc7 Rxe7 54. Nd5 Rd7 55. Ke5 Rd8 56. Ke6 Re8+ 57.
Ne7 g5 58. Rf7+ Kh8 59. Kf6 h5 60. Kg6 g4 61. Rh7# {Black checkmated} 1-0

[Event "ICC tourney 1922 (15 5)"]
[Site "Internet Chess Club"]
[Date "2020.07.17"]
[Round "6"]
[White "chesspanda0610"]
[Black "mlmkacton"]
[Result "1-0"]
[ICCResult "Black checkmated"]
[WhiteElo "1669"]
[BlackElo "1454"]
[Opening "Giuoco Piano"]
[ECO "C54"]
[NIC "IG.02"]
[Time "17:09:34"]
[TimeControl "900+5"]

1. e4 e5 2. Nf3 Nc6 3. Bc4 Bc5 4. c3 Nf6 5. d4 exd4 6. cxd4 Nxd4 7. Nxd4
Nxe4 8. O-O O-O 9. Re1 Nd6 10. Bb3 Re8 11. Rxe8+ Qxe8 12. Be3 b6 13. Nc3 Bb7
14. Qg4 g6 15. Bh6 Qe7 16. Nf3 Re8 17. h3 Bc6 18. Re1 Bxf3 19. Rxe7 Bxg4 20.
Bxf7+ Kh8 21. Bxe8 Nxe8 22. Rxe8+ Bf8 23. Rxf8# {Black checkmated} 1-0

[Event "ICC tourney 1922 (15 5)"]
[Site "Internet Chess Club"]
[Date "2020.07.17"]
[Round "6"]
[White "Aurex"]
[Black "JSpitzer"]
[Result "0-1"]
[ICCResult "White checkmated"]
[WhiteElo "1061"]
[BlackElo "1476"]
[Opening "Ruy Lopez: exchange variation"]
[ECO "C68"]
[NIC "RL.08"]
[Time "17:09:37"]
[TimeControl "900+5"]

1. e4 e5 2. Nf3 Nc6 3. Bb5 a6 4. Bxc6 bxc6 5. Nxe5 d6 6. Nxc6 Qg5 7. g3 Bb7
8. h4 Qf6 9. Na5 Bxe4 10. d3 Bxh1 11. Qe2+ Be7 12. Nc6 Bf3 13. Qxe7+ Qxe7+
14. Nxe7 Kxe7 15. Bg5+ Nf6 16. Bxf6+ gxf6 17. Nd2 Bh5 18. f3 Rhg8 19. g4
Bxg4 20. fxg4 Rxg4 21. O-O-O f5 22. Re1+ Kf6 23. Nf3 Rg3 24. Rf1 h5 25. b3
Re8 26. Kd2 f4 27. Nd4 Ree3 28. Nc6 Rg2+ 29. Kc3 f3 30. Nd4 f2 31. Kd2 Rg1
32. Rxf2+ Ke5 33. Nf3+ Rxf3 34. Rxf3 Rg2+ 35. Kc3 Rg4 36. Re3+ Kf4 37. Re4+
Kf3 38. Rxg4 Kxg4 39. Kd4 Kxh4 40. Ke4 Kg4 41. c4 h4 42. Ke3 Kg3 43. Ke2 Kg2
44. Ke1 h3 45. Ke2 h2 46. d4 h1=Q 47. d5 Qf1+ 48. Kd2 Kf2 49. Kc3 Qe1+ 50.
Kb2 Qb4 51. a3 Qd2+ 52. Kb1 Ke3 53. Ka1 Kd3 54. Kb1 Kc3 55. Ka1 Qb2#
{White checkmated}
0-1

[Event "ICC tourney 1922 (15 5)"]
[Site "Internet Chess Club"]
[Date "2020.07.17"]
[Round "7"]
[White "amaganti"]
[Black "LoukyaNarne"]
[Result "0-1"]
[ICCResult "White checkmated"]
[WhiteElo "1188"]
[BlackElo "1345"]
[Opening "Two knights defense"]
[ECO "C57"]
[NIC "KP.01"]
[Time "18:05:24"]
[TimeControl "900+5"]

1. e4 e5 2. Bc4 Nf6 3. Nf3 Nc6 4. Ng5 h6 5. Nxf7 Qe7 6. Nxh8 d6 7. Bf7+ Kd8
8. Qe2 Nd4 9. Qc4 Be6 10. Qb5 Nxc2+ 11. Kd1 Nxa1 12. Qxb7 Rc8 13. Bxe6 Qxe6
14. Ng6 Qc4 15. Nc3 Qd3 16. Nxf8 Qc2+ 17. Ke1 Qxc1+ 18. Nd1 Nc2+ 19. Ke2
Nd4+ 20. Kf1 Qc4+ 21. Kg1 Ne2+ 22. Kf1 Ng3+ 23. Kg1 Qf1# {White checkmated}
0-1

[Event "ICC tourney 1922 (15 5)"]
[Site "Internet Chess Club"]
[Date "2020.07.17"]
[Round "7"]
[White "bmnyc"]
[Black "Aurex"]
[Result "1-0"]
[ICCResult "Black checkmated"]
[WhiteElo "1446"]
[BlackElo "1060"]
[Opening "Vienna game"]
[ECO "C26"]
[NIC "VG.02"]
[Time "18:04:31"]
[TimeControl "900+5"]

1. e4 Nf6 2. Nc3 e5 3. Bc4 Bb4 4. Nf3 d6 5. Ng5 h6 6. Nxf7 Qe7 7. Nxh8 Bg4
8. f3 Be6 9. Bxe6 Qxe6 10. Nb5 Na6 11. a3 Bc5 12. d4 exd4 13. Nxd4 Bxd4 14.
Qxd4 O-O-O 15. Qxa7 Rxh8 16. Qa8+ Nb8 17. Be3 b6 18. O-O-O Nd7 19. Rd4 c5
20. Rd5 Nf6 21. Rf5 Qa2 22. Bf4 Qa1+ 23. Kd2 Qxh1 24. Bxd6 Nd7 25. Rf7 Rd8
26. Bxb8 Nxb8+ 27. Ke3 Qg1+ 28. Kf4 g5+ 29. Kf5 Qd4 30. Qb7# {Black
checkmated} 1-0

[Event "ICC tourney 1922 (15 5)"]
[Site "Internet Chess Club"]
[Date "2020.07.17"]
[Round "7"]
[White "sahanakasturi"]
[Black "Nedas15"]
[Result "1-0"]
[ICCResult "Black checkmated"]
[WhiteElo "1505"]
[BlackElo "1214"]
[Opening "Four knights: Italian variation"]
[ECO "C55"]
[NIC "IG.01"]
[Time "18:04:39"]
[TimeControl "900+5"]

1. e4 e5 2. Nf3 Nc6 3. Bc4 Nf6 4. Nc3 Nxe4 5. O-O Nxc3 6. dxc3 Bc5 7. Bg5
Be7 8. Bxe7 Qxe7 9. Re1 d6 10. Bb5 Bg4 11. Qd5 Bxf3 12. Qc4 Bh5 13. Bxc6+
bxc6 14. Qxc6+ Kf8 15. Qxa8+ Qe8 16. Qxa7 c6 17. Qc7 d5 18. Rxe5 Qa8 19.
Qe7+ Kg8 20. Rxh5 g6 21. Re5 d4 22. Rae1 dxc3 23. Qf6 Kf8 24. Qxh8#
{Black checkmated}
1-0

[Event "ICC tourney 1922 (15 5)"]
[Site "Internet Chess Club"]
[Date "2020.07.17"]
[Round "7"]
[White "risingstar3"]
[Black "DonnieKnight01"]
[Result "0-1"]
[ICCResult "White checkmated"]
[WhiteElo "1138"]
[BlackElo "1310"]
[Opening "Hungarian defense"]
[ECO "C50"]
[NIC "IG.03"]
[Time "18:04:33"]
[TimeControl "900+5"]

1. e4 e5 2. Nf3 Nc6 3. Bc4 Be7 4. Nc3 Nf6 5. b3 Nxe4 6. Nxe4 d5 7. Bxd5 Qxd5
8. Nc3 Qd8 9. Qe2 O-O 10. Nxe5 Nxe5 11. Qxe5 Bb4 12. Nb5 Re8 13. Qe3 Rxe3+
14. fxe3 Qf6 15. Rb1 Bc5 16. Bb2 Qf5 17. Ke2 Qxc2 18. Be5 Bg4+ 19. Kf2 Qxd2+
20. Kg3 h5 21. Rbd1 Qxe3+ 22. Kh4 Be7+ 23. Bf6 Bxf6# {White checkmated} 0-1

[Event "ICC tourney 1922 (15 5)"]
[Site "Internet Chess Club"]
[Date "2020.07.17"]
[Round "7"]
[White "GabrielSkevin"]
[Black "Hansini"]
[Result "1-0"]
[ICCResult "Black checkmated"]
[WhiteElo "1313"]
[BlackElo "1252"]
[Opening "Two knights defense"]
[ECO "C55"]
[NIC "IG.01"]
[Time "18:05:24"]
[TimeControl "900+5"]

1. e4 e5 2. Nf3 Nc6 3. Bc4 Nf6 4. c3 Nxe4 5. O-O Bc5 6. d4 exd4 7. cxd4 Nxd4
8. Nxd4 Bxd4 9. Qxd4 O-O 10. Qxe4 Re8 11. Qd5 Re6 12. Nc3 Qe8 13. Bg5 d6 14.
Qf5 d5 15. Bxd5 c6 16. Be4 Rf6 17. Qxh7+ Kf8 18. Bxf6 gxf6 19. Rfe1 Bg4 20.
Qh8+ Ke7 21. Bh7+ Kd7 22. Rxe8 Rxe8 23. Bf5+ Kd8 24. Qxf6+ Kc7 25. Rd1 Bxf5
26. Qxf7+ Kb6 27. Qxe8 Kc5 28. Qh5 Kc4 29. Qxf5 Kb4 30. Rd4# {Black
checkmated} 1-0

[Event "ICC tourney 1922 (15 5)"]
[Site "Internet Chess Club"]
[Date "2020.07.17"]
[Round "7"]
[White "Pranayasree"]
[Black "WCCMTW"]
[Result "1/2-1/2"]
[ICCResult "Game drawn because neither player has mating material"]
[WhiteElo "1330"]
[BlackElo "1355"]
[Opening "Bishop's opening"]
[ECO "C23"]
[NIC "IG.04"]
[Time "18:05:24"]
[TimeControl "900+5"]

1. e4 e5 2. Bc4 Nc6 3. Qg4 Nf6 4. Qf5 g6 5. Qxe5+ Nxe5 6. Na3 Nxc4 7. Nxc4
Bc5 8. f3 d5 9. exd5 Nxd5 10. Nh3 Bxh3 11. gxh3 Nf4 12. d3 Bb4+ 13. Bd2
Bxd2+ 14. Kxd2 Qd4 15. Rae1+ Ne6 16. Re4 Qf2+ 17. Kd1 O-O-O 18. Rhe1 Rhe8
19. R1e2 Qxe2+ 20. Rxe2 Nd4 21. Rxe8 Rxe8 22. c3 Nxf3 23. d4 Re2 24. Kxe2
Nxh2 25. Ne5 f6 26. Nf7 h5 27. Nh8 g5 28. Kf2 g4 29. hxg4 hxg4 30. Kg3 f5
31. Kxh2 f4 32. Ng6 f3 33. Kg3 f2 34. Kxf2 a5 35. Kg3 Kd7 36. Kxg4 b5 37.
Kf4 Kd6 38. Ke4 c5 39. dxc5+ Kxc5 40. Kd3 b4 41. cxb4+ Kxb4 42. Kc2 a4 43.
a3+ Ka5 44. Ne5 Kb5 45. Nf3 Kc4 46. Nd2+ Kb5 47. Nb1 Kc4 48. Nd2+ Kb5 49.
Kc3 Ka5 50. Nc4+ Kb5 51. b3 axb3 52. Kxb3 Kc5 53. a4 Kc6 54. Kb4 Kb7 55. a5
Ka7 56. Kb5 Ka8 57. a6 Ka7 58. Nd6 Ka8 59. Kb6 Kb8 60. a7+ Ka8 61. Ka5 Kxa7
{Game drawn because neither player has mating material}
1/2-1/2

[Event "ICC tourney 1922 (15 5)"]
[Site "Internet Chess Club"]
[Date "2020.07.17"]
[Round "7"]
[White "chenxuan2012"]
[Black "chesspanda0610"]
[Result "0-1"]
[ICCResult "White checkmated"]
[WhiteElo "1597"]
[BlackElo "1694"]
[Opening "Ruy Lopez: Classical defense deferred"]
[ECO "C70"]
[NIC "RL.09"]
[Time "18:04:42"]
[TimeControl "900+5"]

1. e4 e5 2. Nf3 Nc6 3. Bb5 a6 4. Ba4 Bc5 5. Nxe5 Nxe5 6. d4 Bxd4 7. Qxd4 Nc6
8. Qxg7 Qf6 9. Qxf6 Nxf6 10. Bg5 Nxe4 11. Be3 b5 12. Bb3 Bb7 13. Bd5 Nf6 14.
Bf3 Rg8 15. Nc3 d6 16. Nd5 Nxd5 17. Bxd5 Kd7 18. Bxf7 Rxg2 19. Kf1 Ne5 20.
Bb3 Rf8 21. Bh6 Rfxf2+ 22. Ke1 Rxh2 23. Rxh2 Rxh2 24. Bf4 Rh1+ 25. Kd2 Rxa1
26. c3 Rf1 27. Be3 Nc4+ 28. Bxc4 bxc4 29. Ke2 Rb1 30. b3 cxb3 31. axb3 Rxb3
32. Bd2 a5 33. Kd1 a4 34. Kc2 Rb6 35. Bc1 Bd5 36. Kd2 Bb3 37. Kd3 Ra6 38.
Ba3 h5 39. Ke2 d5 40. Kf2 Rh6 41. Kg3 h4+ 42. Kh3 d4 43. cxd4 Be6+ 44. Kh2
h3 45. Bb4 Rg6 46. Ba3 Rg2+ 47. Kh1 Ra2 48. Bb4 h2 49. Bc5 Bd5#
{White checkmated}
0-1

[Event "ICC tourney 1922 (15 5)"]
[Site "Internet Chess Club"]
[Date "2020.07.17"]
[Round "7"]
[White "Chess-noob"]
[Black "maadhavd"]
[Result "0-1"]
[ICCResult "White checkmated"]
[WhiteElo "1373"]
[BlackElo "1450"]
[Opening "King's pawn game"]
[ECO "C50"]
[NIC "IG.03"]
[Time "18:05:24"]
[TimeControl "900+5"]

1. e4 e5 2. Nf3 Nc6 3. Bc4 h6 4. h3 Nf6 5. d3 Bc5 6. b4 Bxb4+ 7. c3 Be7 8.
d4 exd4 9. cxd4 Nxe4 10. Bd3 Bb4+ 11. Bd2 Bxd2+ 12. Nfxd2 Nxd2 13. Qxd2 Nxd4
14. O-O O-O 15. Qf4 Ne6 16. Qe4 g6 17. Qe3 Kh7 18. Nd2 Qg5 19. Qxg5 Nxg5 20.
h4 Ne6 21. Be4 c6 22. h5 d5 23. hxg6+ fxg6 24. Bd3 Nc5 25. Bc2 Bf5 26. Bxf5
Rxf5 27. Rfe1 Rf7 28. Nb3 Nxb3 29. axb3 a6 30. Re2 Raf8 31. Rae1 Kg7 32. Re7
Rxe7 33. Rxe7+ Rf7 34. Rxf7+ Kxf7 35. Kf1 Kf6 36. Ke2 Ke5 37. Kd3 b5 38. b4
g5 39. Ke3 h5 40. Kf3 d4 41. Ke2 g4 42. g3 Ke4 43. Kf1 Kf3 44. Ke1 d3 45.
Kd2 Kxf2 46. Kxd3 Kxg3 47. Ke2 h4 48. Kf1 h3 49. Kg1 Kf3 50. Kh2 g3+ 51. Kh1
g2+ 52. Kg1 h2+ 53. Kxh2 Kf2 54. Kh3 g1=Q 55. Kh4 Kf3 56. Kh5 Qg7 57. Kh4
Qh6# {White checkmated} 0-1

[Event "ICC tourney 1922 (15 5)"]
[Site "Internet Chess Club"]
[Date "2020.07.17"]
[Round "7"]
[White "Eshap"]
[Black "Anichess2009"]
[Result "0-1"]
[ICCResult "White checkmated"]
[WhiteElo "1479"]
[BlackElo "1469"]
[Opening "King's pawn opening"]
[ECO "B07"]
[NIC "VO.17"]
[Time "18:05:24"]
[TimeControl "900+5"]

1. e4 d6 2. Nf3 Nf6 3. Nc3 g6 4. Bc4 e6 5. d3 d5 6. exd5 exd5 7. Bb3 Bg7 8.
Bg5 c6 9. Bxf6 Qxf6 10. Qe2+ Qe6 11. Ng5 Qxe2+ 12. Nxe2 Bg4 13. Ng3 Bxb2 14.
Rb1 Bc3+ 15. Kf1 O-O 16. Ne2 Bd2 17. Nf3 Bxf3 18. gxf3 b5 19. Rd1 Bb4 20.
Kg2 Na6 21. Rhf1 Nc5 22. Kg1 Nxb3 23. cxb3 Rfe8 24. Ng3 Re5 25. d4 Rg5 26.
h4 Rxg3+ 27. fxg3 Re8 28. a3 Bxa3 29. Rfe1 Rd8 30. Ra1 Bb4 31. Red1 a5 32.
Rdc1 Rd6 33. Kg2 f5 34. g4 fxg4 35. fxg4 Kf7 36. Kg3 Ke6 37. h5 gxh5 38.
gxh5 Rd8 39. Rf1 Rg8+ 40. Kh4 Be7+ 41. Kh3 Rg5 42. Rae1+ Kd6 43. Rf7 Rxh5+
44. Kg4 Rh4+ 45. Kg3 Bd8 46. Rf8 Be7 47. Ra8 Rxd4 48. Rxa5 Bh4+ 49. Kg2 Bxe1
50. Ra7 Rd2+ 51. Kf1 Bf2 52. Rxh7 Bb6 53. Rh6+ Kc5 54. Ke1 Rb2 55. Rh3 Kb4
56. Kd1 Rxb3 57. Rxb3+ Kxb3 58. Kd2 Ba5+ 59. Kd3 c5 60. Ke2 c4 61. Kd1 c3
62. Kc1 d4 63. Kd1 d3 64. Kc1 d2+ 65. Kd1 c2+ 66. Ke2 c1=Q 67. Ke3 d1=Q+ 68.
Ke4 Qe1+ 69. Kd3 Qcd2# {White checkmated} 0-1

[Event "ICC tourney 1922 (15 5)"]
[Site "Internet Chess Club"]
[Date "2020.07.17"]
[Round "7"]
[White "DuckyBirdLover"]
[Black "TanishaS"]
[Result "1-0"]
[ICCResult "Black checkmated"]
[WhiteElo "1411"]
[BlackElo "1022"]
[Opening "Two knights defense (Modern bishop's opening)"]
[ECO "C55"]
[NIC "IG.01"]
[Time "18:05:24"]
[TimeControl "900+5"]

1. e4 e5 2. Nf3 Nc6 3. Bc4 Nf6 4. d3 d5 5. exd5 Nxd5 6. Bxd5 Qxd5 7. Nc3 Qc5
8. O-O e4 9. dxe4 Bg4 10. h3 Bxf3 11. Qxf3 Bd6 12. Bf4 Be7 13. Bxc7 O-O 14.
Bf4 Rad8 15. Be3 Qe5 16. Bf4 Qf6 17. Nd5 Qg6 18. b4 Nd4 19. Qd1 Ne6 20.
Nxe7+ Kh8 21. Nxg6+ fxg6 22. Qg4 Nxf4 23. g3 Nh5 24. Qg5 Rde8 25. g4 Nf6 26.
e5 Ne4 27. Qh4 Rxe5 28. f4 Rd5 29. Rad1 g5 30. fxg5 Rxg5 31. Rxf8#
{Black checkmated}
1-0

[Event "ICC tourney 1922 (15 5)"]
[Site "Internet Chess Club"]
[Date "2020.07.17"]
[Round "7"]
[White "mlmkacton"]
[Black "hmnyc"]
[Result "1-0"]
[ICCResult "Black resigns"]
[WhiteElo "1485"]
[BlackElo "1483"]
[Opening "Caro-Kann defense"]
[ECO "B15"]
[NIC "CK.05"]
[Time "18:04:46"]
[TimeControl "900+5"]

1. e4 c6 2. d4 d5 3. Nc3 Nf6 4. exd5 cxd5 5. h3 Nc6 6. Nf3 Bf5 7. Bb5 Qc7 8.
O-O a6 9. Bd3 Bxd3 10. Qxd3 Nb4 11. Qe2 e6 12. a3 Nc6 13. Qe3 b5 14. Qf4
Qxf4 15. Bxf4 Nxd4 16. Nxd4 h6 17. Rae1 g5 18. Be5 Bg7 19. Bxf6 Bxf6 20. Nf5
O-O-O 21. Ng3 Bxc3 22. bxc3 f5 23. Rxe6 f4 24. Nf5 Rhf8 25. Ne7+ Kd7 26.
Rfe1 Rf7 27. Nxd5 Rf5 28. Nf6+ Kc7 29. Ne8+ Kd7 30. Re7+ Kc6 31. R7e6+ Kb7
32. Nd6+ Ka7 33. Nxf5 Rf8 34. Re7+ Kb6 35. R1e6+ Kc5 36. Rc7+ Kd5 37. Rd6+
Ke4 38. Re7+ Kxf5 39. g4+ {Black resigns} 1-0

[Event "ICC tourney 1922 (15 5)"]
[Site "Internet Chess Club"]
[Date "2020.07.17"]
[Round "7"]
[White "JSpitzer"]
[Black "viratfan"]
[Result "1-0"]
[ICCResult "Black forfeits on time"]
[WhiteElo "1511"]
[BlackElo "1461"]
[Opening "Sicilian defense"]
[ECO "B30"]
[NIC "SI.31"]
[Time "18:04:36"]
[TimeControl "900+5"]

1. e4 c5 2. Nf3 Nc6 3. Nc3 Nf6 4. d3 d6 5. Bg5 g6 6. Bxf6 exf6 7. Be2 Bg7 8.
O-O O-O 9. Nd5 f5 10. exf5 Bxf5 11. d4 cxd4 12. Nxd4 Nxd4 13. c3 Nxe2+ 14.
Qxe2 Re8 15. Qd1 Qg5 16. Qf3 Be4 17. Qg3 Qxg3 18. fxg3 Bxd5 19. h4 Re2 20.
Rf2 Rxf2 21. Kxf2 Re8 22. Re1 Rxe1 23. Kxe1 Bxa2 24. b4 Bxc3+ 25. Ke2 Bxb4
26. g4 Bc4+ 27. Kf3 a5 28. Kf4 a4 29. h5 a3 30. hxg6 {Black forfeits on
time} 1-0

[Event "ICC tourney 1922 (15 5)"]
[Site "Internet Chess Club"]
[Date "2020.07.17"]
[Round "7"]
[White "mahn"]
[Black "lahn"]
[Result "0-1"]
[ICCResult "White checkmated"]
[WhiteElo "1048"]
[BlackElo "1204"]
[Opening "King's pawn game"]
[ECO "C20"]
[NIC "KP.10"]
[Time "18:05:24"]
[TimeControl "900+5"]

1. e4 e5 2. Bb5 c6 3. Be2 Nf6 4. Na3 b5 5. d4 exd4 6. Bf4 Na6 7. Bg5 h6 8.
Bxf6 gxf6 9. c3 dxc3 10. bxc3 Bxa3 11. Rb1 b4 12. cxb4 Nxb4 13. Bc4 d5 14.
Be2 f5 15. exf5 Nxa2 16. Bg4 h5 17. Bf3 Ba6 18. g3 Qa5+ 19. Qd2 Bb4 20. Rxb4
Nxb4 21. Ne2 Nc2+ 22. Kd1 Qa1+ 23. Qc1 Bxe2+ 24. Bxe2 Qd4+ 25. Qd2 Qxd2+ 26.
Kxd2 Nb4 27. Rb1 Rb8 28. Bd1 h4 29. Ba4 hxg3 30. fxg3 Rxh2+ 31. Ke3 Kf8 32.
Bxc6 Nxc6 33. Rc1 Rb3+ 34. Kf4 Rb8 35. Rxc6 Ra8 36. Ra6 d4 37. Rd6 a5 38.
Rxd4 a4 39. Rd3 a3 40. Rd1 a2 41. Ra1 Ra4+ 42. Kf3 Ra3+ 43. Kf4 Rh4+ 44. Ke5
Rha4 45. Kd6 Rb3 46. Ke5 Rb5+ 47. Kf6 Ra6+ 48. Kg5 Ra4 49. Kf6 Raa5 50. Kg5
Rxf5+ 51. Kh4 Rf2 52. Kg4 Ra3 53. Kg5 Ra6 54. Kg4 Rg6+ 55. Kh4 Rh2#
{White checkmated}
0-1